 Dungeon Crawl Stone Soup version 0.20.0-15-g7f486f2 (webtiles) character file.

283 Hasart the Conjurer (level 6, -7/61 HPs)
             Began as a Demonspawn Wizard on June 12, 2017.
             Mangled by an orc
             ... wielding a +0 flail
              (8 damage)
             ... on level 3 of the Dungeon.
             The game lasted 00:07:40 (3268 turns).

Hasart the Conjurer (Demonspawn Wizard)             Turns: 3268, Time: 00:07:41

Health: -7/61      AC:  4    Str: 12    XL:     6   Next: 7%
Magic:  3/11       EV: 12    Int: 21    God:
Gold:   112        SH:  0    Dex: 12    Spells: 4/12 levels left

rFire    . . .     SeeInvis .   k - +0 spear
rCold    . . .     Gourm    .   (no shield)
rNeg     . . .     Faith    +   a - +0 robe
rPois    .         Spirit   .   b - +0 hat
rElec    .         Reflect  .   (no cloak)
rCorr    .         Harm     .   (no gloves)
MR       .....                  (no boots)
Stlth    ..........             j - amulet of faith
Regen    0.2/turn               (no ring)
MPRegen  0.2/turn               (no ring)

@: berserking, very quick
A: horns 1, yellow scales 1, demonic guardian 1, powered by death 2
a: no special abilities


You were on level 3 of the Dungeon.
You were not hungry.

You visited 1 branch of the dungeon, and saw 3 of its levels.

You collected 112 gold pieces.

Inventory:

Hand Weapons
 k - a +0 spear (weapon)
Armour
 a - a +0 robe (worn)
 b - a +0 hat (worn)
 g - a +0 buckler
Jewellery
 j - an amulet of faith (around neck)
Scrolls
 f - 2 scrolls of identify {unknown}
 i - a scroll of enchant armour {unknown}
 m - a scroll of magic mapping {unknown}
 o - 2 scrolls of teleportation {unknown}
 p - a scroll of remove curse {unknown}
Books
 c - a book of Minor Magic

   Spells                             Type                      Level
   a - Magic Dart                     Conjuration                  1
   b - Blink                          Translocation                2
   c - Call Imp                       Summoning                    2
   d - Slow                           Hexes                        2
   e - Conjure Flame                  Conjuration/Fire             3
   f - Mephitic Cloud                 Conjuration/Poison/Air       3
Comestibles
 d - a bread ration
 h - a royal jelly
 n - a meat ration


   Skills:
 - Level 1.7 Dodging
 - Level 1.7 Stealth
 + Level 3.6 Spellcasting
 * Level 4.0 Conjurations
 + Level 2.6 Summonings
 - Level 0.8 Translocations
 + Level 1.5 Air Magic
 + Level 1.8 Poison Magic


You had 4 spell levels left.
You knew the following spells:

 Your Spells              Type           Power        Failure   Level  Hunger
a - Magic Dart            Conj           ###.         2%          1    None
b - Blink                 Tloc           N/A          13%         2    ##.....
c - Call Imp              Summ           ##......     6%          2    ##.....
d - Mephitic Cloud        Conj/Pois/Air  ##......     14%         3    ###....


Dungeon Overview and Level Annotations

Branches:
Dungeon (3/15)

Altars:
Trog


Innate Abilities, Weirdness & Mutations

You have a pair of small horns on your head.
You are partially covered in yellow scales. (AC +2)
A weak demonic guardian rushes to your aid.
You regenerate health from kills.


Message History

Your quasit claws the orc wizard.
You closely miss the orc.
Your quasit disappears in a puff of smoke!
The orc hits you with a flail.
* * * LOW HITPOINT WARNING * * *
You feel better. The orc wizard hits you with a dagger.
* * * LOW HITPOINT WARNING * * *
The orc hits you with a flail!
* * * LOW HITPOINT WARNING * * *
A red film seems to cover your vision as you go berserk!
You feel yourself moving faster!
You feel mighty! The orc wizard casts a spell at you. The magic dart hits you!
* * * LOW HITPOINT WARNING * * *
The orc hits you but does no damage.
Unknown command.
You closely miss the orc wizard.
The orc wizard is heavily wounded.
The orc wizard barely misses you. The orc hits you with a flail!
You die...

#............##### .
#.##...######.#....
.. ##.†.## #.#.###
#..#..#..# #<#.#
##...###.# ##.#.#
.#..#..#..#####..#.#
... #5(..........#.#
## #o##.#######.#.#
#@oo.# ###.#.#
####.# #.....# #)#
#.#.#.### #†#
###.###....
#.###.......###
§.##..♣...♣..##
..#(..........#
..#.....♣.....#
...#..<.....>..#


You could see an orc wizard, 2 orcs and a friendly iron imp.

Vanquished Creatures
  Sigmund (D:3)
  5 adders
  A worm (D:3)
  3 dart slugs
  3 leopard geckos
  2 orcs (D:3)
  A ball python (D:2)
  8 bats
  A giant cockroach (D:2)
  5 goblins
  6 hobgoblins
  5 kobolds
  2 quokkas
  6 frilled lizards
  3 rats
52 creatures vanquished.

Vanquished Creatures (collateral kills)
  An orc wizard (D:3)
  A hobgoblin (D:3)
  A kobold (D:2)
3 creatures vanquished.

Grand Total: 55 creatures vanquished

Notes
Turn   | Place    | Note
-------+----------+-------------------------------------------
     0 | D:1      | Hasart the Demonspawn Wizard began the quest for the Orb.
     0 | D:1      | Reached XP level 1. HP: 13/13 MP: 4/4
   225 | D:1      | Gained mutation: You regenerate a little health from kills. [demonic ancestry]
   225 | D:1      | Reached XP level 2. HP: 19/19 MP: 0/6
   256 | D:1      | Reached skill level 2 in Conjurations
  1215 | D:1      | Gained mutation: You are partially covered in yellow scales. (AC +2) [demonic ancestry]
  1215 | D:1      | Reached XP level 3. HP: 21/24 MP: 0/7
  1251 | D:1      | Learned a level 2 spell: Blink
  1254 | D:1      | Learned a level 2 spell: Call Imp
  1258 | D:1      | Learned a level 3 spell: Mephitic Cloud
  2594 | D:2      | Reached skill level 1 in Poison Magic
  2782 | D:3      | Gained mutation: You have a pair of small horns on your head. [demonic ancestry]
  2782 | D:3      | Reached XP level 4. HP: 27/30 MP: 6/9
  2814 | D:3      | Found a bloodstained altar of Trog.
  2913 | D:3      | Noticed Sigmund
  2930 | D:3      | Killed Sigmund
  2930 | D:3      | Reached skill level 3 in Conjurations
  2930 | D:3      | Reached skill level 1 in Air Magic
  2930 | D:3      | Gained mutation: A weak demonic guardian rushes to your aid. [demonic ancestry]
  2930 | D:3      | Reached XP level 5. HP: 20/35 MP: 2/10
  3226 | D:3      | Gained mutation: You regenerate health from kills. [demonic ancestry]
  3226 | D:3      | Reached XP level 6. HP: 41/41 MP: 1/11
  3260 | D:3      | Reached skill level 4 in Conjurations
  3265 | D:3      | HP: 1/41 [orc/flail (6)]
  3268 | D:3      | Mangled by an orc

Skill      XL: |  1  2  3  4  5  6 |
---------------+-------------------+-----
Conjurations   | 2 3 4 |  4.0
Poison Magic   | 1 |  1.8
Summonings     | 2 |  2.6
Air Magic      | 1 |  1.5
Dodging        | |  1.7
Stealth        | |  1.7
Spellcasting   | |  3.6
Translocations | |  0.8

Action                   |  1- 3 |  4- 6 || total
-------------------------+-------+-------++-------
Melee: Dagger            |    26 |       ||    26
       Spear             |    41 |    35 ||    76
       Headbutt          |       |     5 ||     5
 Cast: Magic Dart        |    83 |    33 ||   116
       Call Imp          |     1 |     1 ||     2
  Use: Potion            |       |     4 ||     4
 Stab: Sleeping          |     1 |       ||     1
  Eat: Chunk             |     4 |     3 ||     7
Armor: Robe              |    18 |    14 ||    32
Dodge: Dodged            |    69 |    34 ||   103
